 Dungeon Crawl Stone Soup version 0.30.0-10-gfe55d96785 (webtiles) character file.

Game seed: 14330501857620220340

8467 qw the Blocker (level 11, -3/67 HPs)
             Began as a Gargoyle Cinder Acolyte on May 17, 2023.
             Was an Initiate of Okawaru.
             Slain by a fire elemental (12 damage)
             ... created by the fiery vengeance of Ignis
             ... on level 1 of the Lair of Beasts.
             The game lasted 00:06:46 (11100 turns).

qw the Blocker (Gargoyle Cinder Acolyte)           Turns: 11100, Time: 00:06:46

Health: -3/67      AC: 29    Str: 31    XL:     11   Next: 31%
Magic:  12/12      EV:  8    Int: 14    God:    Okawaru [......]
Gold:   75         SH: 19    Dex:  9    Spells: 12/12 levels left

rFire   . . .        Y - +0 broad axe
rCold   + . .        e - +0 tower shield
rNeg    + . .        x - +3 chain mail {rC+}
rPois   inf          (no helmet)
rElec   +            i - scarf of Grim the Good {repulsion, rElec Str+2}
rCorr   .            a - +0 pair of gloves
SInv    .            q - +0 pair of boots
Will    .....        c - amulet of regeneration Stlth
                     t - ring of Kiaxoena {Str+6 Dex+4}
HPRegen 1.11/turn    m - +4 ring of protection
MPRegen 0.13/turn

%: repel missiles
@: about to teleport, fire susceptible
A: sickness immunity, AC +8, negative energy resistance 1, electricity
resistance, torment resistance 1, petrification resistance, iridescent scales 1,
large bone plates 1
a: Renounce Religion


You were on level 1 of the Lair of Beasts.
You worshipped Okawaru.
Okawaru was noncommittal.
You visited 3 branches of the dungeon, and saw 11 of its levels.
You also visited: Sewer.

You collected 656 gold pieces.
You spent 581 gold pieces at shops.


Innate Abilities, Weirdness & Mutations

You are immune to sickness and miasma.
Your stone body is resilient. (AC +8)
You are immune to poison.
You resist negative energy. (rN+)
You are resistant to electric shocks. (rElec)
You are resistant to unholy torment.
You are immune to petrification.
You are partially covered in iridescent scales. (AC +2)
You are partially covered in large bone plates. (SH +4)


   Skills:
 - Level 7.2 Fighting
 - Level 10.0 Axes
 - Level 2.0 Throwing
 - Level 6.0 Armour
 - Level 1.1 Dodging
 + Level 11.6 Shields
 - Level 1.0 Spellcasting
 - Level 3.0 Fire Magic


You had 12 spell levels left.
You didn't know any spells.
Your spell library contained the following spells:

 Spells                   Type           Power      Damage    Failure   Level
 Scorch                   Fire           18%        2d5       71%         2

Inventory:

Hand Weapons
 s - a -1 hand axe of flaming
 Y - a +0 broad axe (weapon)
Armour
 a - a +0 pair of gloves (worn)
 e - a +0 tower shield (worn)
 f - a +0 cloak
 i - the scarf of Grim the Good (worn) {repulsion, rElec Str+2}
   (You acquired it on level 4 of the Dungeon)

   Str:       It affects your strength (+2).
   rElec:     It insulates you from electricity.
 j - the +1 pair of boots of Bedevilment {rElec rPois Will- Int+6}
   (You acquired it on level 9 of the Dungeon)

   Int:       It affects your intelligence (+6).
   rElec:     It insulates you from electricity.
   rPois:     It protects you from poison.
   Will:      It decreases your willpower.
 q - a +0 pair of boots (worn)
 x - a +3 chain mail of cold resistance (worn)
 y - a +0 plate armour
Jewellery
 c - an amulet of regeneration (around neck)
 m - a +4 ring of protection (right hand)
 t - the ring of Kiaxoena (left hand) {Str+6 Dex+4}
   (You acquired it on level 8 of the Dungeon)

   [ring of strength]

   Str:       It affects your strength (+6).
   Dex:       It affects your dexterity (+4).
Wands
 z - a wand of digging (5)
Scrolls
 d - 4 scrolls of teleportation
 o - 4 scrolls of identify
Potions
 b - 2 potions of haste
 g - 3 potions of might
 h - a potion of heal wounds
 k - 2 potions of mutation
 l - 2 potions of curing
 n - 2 potions of cancellation
 r - 2 potions of resistance

Dungeon Overview and Level Annotations

Branches:
Dungeon (9/15)             Temple (1/1) D:6            Lair (1/5) D:9
    Orc (0/2) D:9           Sewer (visited)

Altars:
Ashenzari
Cheibriados
Dithmenos
Elyvilon
Fedhas
Gozag
Hepliaklqana
Kikubaaqudgha
Makhleb
Nemelex Xobeh
Okawaru
Qazlal
Ru
Sif Muna
Trog
Uskayaw
Vehumet
Wu Jian
Xom
Yredelemnul
Zin
The Shining One

Shops:
D:1 :   D:3 *   D:9 ?[[[

Annotations:
D:8 1 runed translucent door, qw's ghost, novice GrFi


Message History

You hit the fire elemental but do no damage.
The fire elemental is heavily damaged.
You barely miss the fire elemental. You slash the bullfrog!
You hit the fire elemental. The bullfrog barely misses you.
You block the fire elemental's attack. The fire elemental hits you.
The fire elemental burns you! The fire elemental hits you.
The fire elemental burns you! You block the bullfrog's attack.
You block the fire elemental's attack. The fire elemental hits you.
The fire elemental burns you! The fire elemental hits you.
The fire elemental burns you!
You hit the fire elemental but do no damage.
The fire elemental is heavily damaged.
You hit the fire elemental but do no damage.
You slash the fire elemental! You closely miss the bullfrog.
You block the bullfrog's attack. You block the fire elemental's attack.
The fire elemental barely misses you. You block the fire elemental's attack.
The bullfrog hits you but does no damage.
You closely miss the fire elemental.
The fire elemental is heavily damaged.
You hit the bullfrog. You slash the fire elemental! x2
The fire elemental hits you. The fire elemental burns you!
You block the bullfrog's attack. You block the fire elemental's attack.
The fire elemental closely misses you. You block the fire elemental's attack.
The fire elemental barely misses you. The bullfrog misses you.
You block the fire elemental's attack.
You closely miss the fire elemental.
The fire elemental is severely damaged.
You slash the bullfrog! You hit the fire elemental.
You miss the fire elemental.
The bullfrog hits you but does no damage.
You block the fire elemental's attack. x3; The bullfrog hits you.
The fire elemental barely misses you. The fire elemental hits you.
The fire elemental burns you!
11100 ||| READING 5 scrolls of teleportation.
As you read the scroll of teleportation, it crumbles to dust.
You feel strangely unstable. The fire elemental closely misses you.
You block the bullfrog's attack. The fire elemental hits you.
The fire elemental burns you! The fire elemental closely misses you.
The fire elemental hits you. The fire elemental burns you!
You die...

.. .. .......... ..
#......... .. #.?...... #.
#....... #...>.# #....#
#.EF.# #.. #.@E.#######
P... ##..E........ #....
#P.....)..... .....###
##...##..P...
.....#P########...+....#..
..................P......
........#.###.....#....#..
........### #..........# .
##.#P...# #P.....P....#


You could see 3 fire elementals and a bullfrog.

Vanquished Creatures
  A two-headed ogre (D:8)
  Pikel (D:4)
  A black mamba (Lair:1)
  A cane toad (Lair:1)
  2 rime drakes (Lair:1)
  3 blink frogs (Lair:1)
  A polar bear (Lair:1)
  Sigmund (D:2)
  A wyvern (D:8)
  5 yaks (D:9)
  3 fire elementals (Lair:1)
  2 basilisks (Lair:1)
  An acid dragon (D:8)
  A warg (D:9)
  A water moccasin (D:5)
  3 orc warriors
  A sky beast (D:6)
  4 wolves (Lair:1)
  An ogre (D:6)
  2 centaurs
  2 lemures (D:4)
  2 phantoms
  4 bullfrogs
  5 kobold brigands
  A gnoll sergeant (D:5)
  2 scorpions
  6 wights
  8 howler monkeys
  3 hounds
  13 orc priests
  3 jellies
  An iguana (D:6)
  11 orc wizards
  17 gnolls
  5 river rats (Sewer)
  10 adders
  2 shadow imps
  4 white imps
  An ufetubus (D:6)
  2 worms
  4 dart slugs
  54 orcs
  8 endoplasms
  7 giant cockroaches
  9 goblins
  8 hobgoblins
  4 jackals (D:4)
  7 quokkas
  13 ball pythons
  10 bats
  5 frilled lizards
  81 kobolds
  21 rats
369 creatures vanquished.

Notes
Turn   | Place    | Note
-------+----------+-------------------------------------------
     0 | D:1      | qw the Gargoyle Cinder Acolyte began the quest for the Orb.
     0 | D:1      | Reached XP level 1. HP: 14/14 MP: 2/2
     0 | D:1      | 0 ||| qw: Version: 0.2-a-95-g4c1bab1
     0 | D:1      | 0 ||| qw: Game counter: 104
     0 | D:1      | 0 ||| qw: Always use a shield: true
     0 | D:1      | 0 ||| qw: God list: Okawaru
     0 | D:1      | 0 ||| qw: Allow faded altars: false
     0 | D:1      | 0 ||| qw: Do Orc after D:15 true
     0 | D:1      | 0 ||| qw: Do second Lair branch before Depths: true
     0 | D:1      | 0 ||| qw: Lair rune preference: random
     0 | D:1      | 0 ||| qw: Plans: Normal
     0 | D:1      | 0 ||| PLANNING D:1-11
    88 | D:1      | Found a faded altar of an unknown god.
    90 | D:1      | 90 ||| Stepping ~*~*~tactically~*~*~ (stealth).
   102 | D:1      | Reached skill level 3 in Axes
   136 | D:1      | Found Mib Pefab's Book Shop.
   146 | D:1      | 146 ||| UPGRADING to +0 cloak.
   191 | D:1      | Reached XP level 2. HP: 19/19 MP: 3/3
   322 | D:1      | 322 ||| UPGRADING to +0 leather armour.
   332 | D:1      | 332 ||| DROPPING +0 robe.
   631 | D:1      | 631 ||| Stepping ~*~*~tactically~*~*~ (hiding).
   873 | D:1      | 873 ||| Stepping ~*~*~tactically~*~*~ (hiding).
  1194 | D:1      | 1194 ||| UPGRADING to amulet of regeneration.
  1199 | D:1      | 1199 ||| READING scroll labelled NEIB ONIDO.
  1200 | D:1      | 1200 ||| READING scroll labelled UDWUBU HOISMU.
  1201 | D:1      | 1201 ||| DRINKING 2 bubbling grey potions.
  1202 | D:1      | 1202 ||| DRINKING 2 silvery potions.
  1284 | D:2      | Reached XP level 3. HP: 23/23 MP: 4/4
  1324 | D:2      | Identified the orb of the Hot Ocelot {*Rage, rElec}
  1393 | D:2      | 1393 ||| Stepping ~*~*~tactically~*~*~ (stealth).
  1520 | D:2      | Noticed Sigmund
  1531 | D:2      | Killed Sigmund
  1532 | D:2      | Reached XP level 4. HP: 26/28 MP: 5/5
  1532 | D:2      | Reached XP level 5. HP: 30/32 MP: 6/6
  1691 | D:2      | Reached skill level 1 in Armour
  1728 | D:2      | 1728 ||| DROPPING orb of the Hot Ocelot {*Rage, rElec}.
  1729 | D:2      | 1729 ||| READING scroll labelled XINLOXA KORUO.
  1730 | D:2      | 1730 ||| READING scroll labelled YSAGUB XIHOST.
  1754 | D:3      | Found an opulent altar of Gozag.
  1759 | D:3      | Found Gozag's Platinum Reserve.
  1767 | D:3      | 1767 ||| SHOPLISTING +1 robe "Ovaareic" {Dex+4} (2110 gold,
                  | have 32).
  1767 | D:3      | 1767 ||| SHOPLISTING amulet of Keneif {Spirit Fly} (3910
                  | gold, have 32).
  1881 | D:3      | Reached XP level 6. HP: 37/37 MP: 7/7
  2180 | D:3      | 2180 ||| Stepping ~*~*~tactically~*~*~ (hiding).
  2337 | D:3      | 2337 ||| Stepping ~*~*~tactically~*~*~ (stealth).
  2505 | D:3      | 2505 ||| Stepping ~*~*~tactically~*~*~ (hiding).
  2754 | D:3      | Reached skill level 6 in Axes
  2894 | D:3      | 2894 ||| DROPPING ring of flight.
  2895 | D:3      | 2895 ||| DROPPING ring of wizardry.
  2896 | D:3      | 2896 ||| READING 3 scrolls labelled JALARGH ULEAL.
  2900 | D:3      | 2900 ||| DRINKING 2 fizzy dark potions.
  2901 | D:3      | 2901 ||| DRINKING 2 inky potions.
  2902 | D:3      | 2902 ||| DROPPING potion of flight.
  2949 | D:4      | Found a burning altar of Makhleb.
  3130 | D:4      | 3130 ||| Stepping ~*~*~tactically~*~*~ (stealth).
  3131 | D:4      | 3131 ||| Stepping ~*~*~tactically~*~*~ (stealth).
  3148 | D:4      | 3148 ||| Stepping ~*~*~tactically~*~*~ (hiding).
  3331 | D:4      | 3331 ||| INVOKING Fiery Armour.
  3412 | D:4      | 3412 ||| Stepping ~*~*~tactically~*~*~ (hiding).
  3421 | D:4      | Reached XP level 7. HP: 28/43 MP: 8/8
  3554 | D:4      | 3554 ||| Stepping ~*~*~tactically~*~*~ (hiding).
  3780 | D:4      | 3780 ||| INVOKING Fiery Armour.
  4430 | D:4      | 4430 ||| UPGRADING to +0 ring mail.
  4440 | D:4      | 4440 ||| DROPPING +0 leather armour.
  4441 | D:4      | 4441 ||| UPGRADING to +0 pair of boots.
  4446 | D:4      | 4446 ||| UPGRADING to ring of protection from cold.
  4447 | D:4      | 4447 ||| READING scroll labelled AMUVOE XAMUAFOMO.
  4447 | D:4      | Identified a scroll of acquirement
  4447 | D:4      | 4447 ||| ACQUIRING scarf of Grim the Good {repulsion, rElec
                  | Str+2}
  4447 | D:4      | Acquired the scarf of Grim the Good {repulsion, rElec
                  | Str+2}
  4449 | D:4      | 4449 ||| UPGRADING to scarf of Grim the Good {repulsion,
                  | rElec Str+2}.
  4459 | D:4      | 4459 ||| READING scroll labelled IKI GAIMNUPP.
  4560 | D:4      | 4560 ||| READING scroll labelled BETIACRYROAT.
  4561 | D:4      | 4561 ||| READING scroll labelled SUPUTI OHECSE.
  4562 | D:4      | 4562 ||| DRINKING 2 lumpy clear potions.
  4563 | D:4      | 4563 ||| DROPPING potion of attraction.
  4581 | D:5      | Entered Level 5 of the Dungeon
  4581 | D:5      | Noticed Pikel
  4582 | D:5      | 4582 ||| PLANNING SEWER
  4597 | D:5      | 4597 ||| STAIRDANCE
  4621 | D:5      | 4621 ||| STAIRDANCE
  4636 | D:4      | 4636 ||| INVOKING Fiery Armour.
  4636 | D:4      | Killed Pikel
  4637 | D:4      | Reached XP level 8. HP: 23/49 MP: 9/9
  4685 | D:5      | Reached skill level 1 in Throwing
  4687 | D:5      | 4687 ||| Stepping ~*~*~tactically~*~*~ (hiding).
  4689 | D:5      | 4689 ||| Stepping ~*~*~tactically~*~*~ (hiding).
  4690 | D:5      | 4690 ||| Stepping ~*~*~tactically~*~*~ (hiding).
  4810 | D:5      | 4810 ||| INVOKING Fiery Armour.
  4936 | D:5      | 4936 ||| Stepping ~*~*~tactically~*~*~ (hiding).
  4937 | D:5      | 4937 ||| Stepping ~*~*~tactically~*~*~ (hiding).
  5059 | D:5      | 5059 ||| Stepping ~*~*~tactically~*~*~ (hiding).
  5192 | D:5      | Found a glowing drain.
  5193 | D:5      | 5193 ||| UPGRADING to +0 scale mail.
  5203 | D:5      | 5203 ||| UPGRADING to +0 kite shield.
  5208 | D:5      | 5208 ||| DROPPING +0 ring mail.
  5209 | D:5      | 5209 ||| UPGRADING to +4 ring of protection.
  5211 | D:5      | 5211 ||| STAIRDANCE
  5215 | D:5      | 5215 ||| STAIRDANCE
  5219 | D:5      | 5219 ||| STAIRDANCE
  5223 | D:5      | 5223 ||| STAIRDANCE
  5227 | D:5      | 5227 ||| STAIRDANCE
  5231 | D:5      | 5231 ||| STAIRDANCE
  5235 | D:5      | 5235 ||| STAIRDANCE
  5239 | D:5      | 5239 ||| STAIRDANCE
  5243 | D:5      | 5243 ||| STAIRDANCE
  5247 | D:5      | 5247 ||| STAIRDANCE
  5251 | D:5      | 5251 ||| STAIRDANCE
  5255 | D:5      | 5255 ||| STAIRDANCE
  5259 | D:5      | 5259 ||| STAIRDANCE
  5263 | D:5      | 5263 ||| STAIRDANCE
  5267 | D:5      | 5267 ||| STAIRDANCE
  5271 | D:5      | 5271 ||| STAIRDANCE
  5275 | D:5      | 5275 ||| STAIRDANCE
  5279 | D:5      | 5279 ||| STAIRDANCE
  5314 | D:5      | Reached skill level 2 in Shields
  5334 | Sewer    | Entered a sewer
  5426 | Sewer    | Reached skill level 3 in Shields
  5458 | Sewer    | 5458 ||| Stepping ~*~*~tactically~*~*~ (water).
  5478 | Sewer    | Reached XP level 9. HP: 45/54 MP: 10/10
  5548 | Sewer    | Reached skill level 4 in Shields
  5573 | Sewer    | 5573 ||| INVOKING Fiery Armour.
  5926 | Sewer    | 5926 ||| READING scroll labelled PEASTR USAURYN.
  5927 | Sewer    | 5927 ||| READING scroll labelled QEFREI BYRETO.
  5928 | Sewer    | 5928 ||| DRINKING 3 grey potions.
  5929 | Sewer    | 5929 ||| DRINKING 2 fizzy purple potions.
  5929 | Sewer    | Gained mutation: You are partially covered in large bone
                  | plates. (SH +4) [potion of mutation]
  5929 | Sewer    | Gained mutation: You are partially covered in iridescent
                  | scales. (AC +2) [potion of mutation]
  5930 | Sewer    | 5930 ||| DRINKING 2 orange potions.
  5956 | D:5      | 5956 ||| PLANNING D:1-11
  6033 | D:5      | 6033 ||| Stepping ~*~*~tactically~*~*~ (hiding).
  6058 | D:5      | 6058 ||| Stepping ~*~*~tactically~*~*~ (stealth).
  6073 | D:5      | Reached skill level 5 in Shields
  6169 | D:5      | 6169 ||| Stepping ~*~*~tactically~*~*~ (hiding).
  6237 | D:5      | 6237 ||| Stepping ~*~*~tactically~*~*~ (hiding).
  6243 | D:5      | 6243 ||| INVOKING Fiery Armour.
  6273 | D:5      | 6273 ||| Stepping ~*~*~tactically~*~*~ (hiding).
  6279 | D:5      | 6279 ||| Stepping ~*~*~tactically~*~*~ (hiding).
  6438 | D:6      | 6438 ||| PLANNING OSSUARY
  6513 | D:6      | 6513 ||| Stepping ~*~*~tactically~*~*~ (hiding).
  6525 | D:6      | 6525 ||| Stepping ~*~*~tactically~*~*~ (hiding).
  6542 | D:6      | Reached skill level 6 in Shields
  6565 | D:6      | Found a staircase to the Ecumenical Temple.
  6591 | D:6      | 6591 ||| SWAPPING to +0 broad axe.
  6684 | D:6      | 6684 ||| Stepping ~*~*~tactically~*~*~ (hiding).
  6837 | D:6      | Found a hide-covered altar of Uskayaw.
  6837 | D:6      | Found an ancient bone altar of Kikubaaqudgha.
  6845 | D:6      | Found a faded altar of an unknown god.
  6847 | D:6      | Found a faded altar of an unknown god.
  6849 | D:6      | Found a bloodstained altar of Trog.
  7021 | D:6      | Reached skill level 7 in Shields
  7032 | D:6      | 7032 ||| RIP OSSUARY
  7033 | D:6      | 7033 ||| PLANNING D:1-11
  7150 | D:6      | 7150 ||| Stepping ~*~*~tactically~*~*~ (stealth).
  7159 | D:6      | 7159 ||| Stepping ~*~*~tactically~*~*~ (hiding).
  7300 | D:6      | 7300 ||| Stepping ~*~*~tactically~*~*~ (hiding).
  7302 | D:6      | 7302 ||| INVOKING Fiery Armour.
  7338 | D:6      | Found a stormy altar of Qazlal.
  7493 | D:6      | 7493 ||| UPGRADING to +0 plate armour.
  7503 | D:6      | 7503 ||| DROPPING +0 scale mail.
  7504 | D:6      | 7504 ||| DRINKING 2 smoky clear potions.
  7568 | D:7      | 7568 ||| Stepping ~*~*~tactically~*~*~ (stealth).
  7584 | D:7      | Reached skill level 6 in Fighting
  7586 | D:7      | 7586 ||| INVOKING Fiery Armour.
  7642 | D:7      | Reached skill level 8 in Shields
  7796 | D:7      | Found a flagged portal.
  7811 | D:7      | 7811 ||| Stepping ~*~*~tactically~*~*~ (hiding).
  8008 | D:7      | 8008 ||| Stepping ~*~*~tactically~*~*~ (stealth).
  8010 | D:7      | 8010 ||| Stepping ~*~*~tactically~*~*~ (hiding).
  8011 | D:7      | 8011 ||| Stepping ~*~*~tactically~*~*~ (hiding).
  8132 | D:7      | Found a basalt altar of Yredelemnul.
  8189 | D:7      | Found a white marble altar of Elyvilon.
  8202 | D:7      | 8202 ||| DROPPING +6 ring of intelligence.
  8203 | D:7      | 8203 ||| DRINKING 2 bubbling clear potions.
  8245 | D:7      | 8245 ||| DROPPING potion of lignification.
  8397 | D:8      | Noticed a two-headed ogre
  8409 | D:8      | Killed a two-headed ogre
  8410 | D:8      | Reached skill level 9 in Axes
  8410 | D:8      | Reached XP level 10. HP: 36/60 MP: 11/11
  8596 | D:8      | HP: 12/60 [acid dragon/splash of acid (22)]
  8597 | D:8      | 8597 ||| READING 6 scrolls of teleportation.
  8598 | D:8      | 8598 ||| DRINKING 3 potions of heal wounds.
  8601 | D:8      | 8601 ||| INVOKING Fiery Armour.
  8621 | D:8      | HP: 14/60 [orc priest/divine providence (10)]
  8622 | D:8      | 8622 ||| READING 5 scrolls of teleportation.
  8668 | D:8      | 8668 ||| Stepping ~*~*~tactically~*~*~ (hiding).
  8716 | D:8      | 8716 ||| READING scroll of acquirement.
  8716 | D:8      | 8716 ||| ACQUIRING ring of Kiaxoena {Str+6 Dex+4}
  8716 | D:8      | Acquired the ring of Kiaxoena {Str+6 Dex+4}
  8723 | D:8      | Noticed qw's ghost (novice GrFi)
  8730 | D:8      | Found a runed translucent door.
  8790 | D:8      | 8790 ||| INVOKING Fiery Armour.
  8791 | D:8      | HP: 9/61 [acid dragon/splash of acid (23)]
  8792 | D:8      | 8792 ||| READING 5 scrolls of teleportation.
  9012 | D:8      | 9012 ||| Stepping ~*~*~tactically~*~*~ (stealth).
  9013 | D:8      | 9013 ||| Stepping ~*~*~tactically~*~*~ (stealth).
  9020 | D:8      | 9020 ||| Stepping ~*~*~tactically~*~*~ (stealth).
  9270 | D:8      | 9270 ||| DROPPING ring of willpower.
  9271 | D:8      | 9271 ||| UPGRADING to ring of Kiaxoena {Str+6 Dex+4}.
  9273 | D:8      | 9273 ||| DROPPING ring of protection from cold.
  9274 | D:8      | 9274 ||| READING 2 scrolls of identify.
  9274 | D:8      | 9274 ||| IDENTIFYING cyan potion
  9275 | D:8      | 9275 ||| DROPPING potion of degeneration.
  9288 | D:9      | 9288 ||| INVOKING Fiery Armour.
  9296 | D:9      | Reached skill level 1 in Dodging
  9306 | D:9      | 9306 ||| Stepping ~*~*~tactically~*~*~ (hiding).
  9307 | D:9      | 9307 ||| Stepping ~*~*~tactically~*~*~ (hiding).
  9362 | D:9      | Found a shimmering altar of Xom.
  9380 | D:9      | 9380 ||| Stepping ~*~*~tactically~*~*~ (stealth).
  9395 | D:9      | 9395 ||| Stepping ~*~*~tactically~*~*~ (hiding).
  9401 | D:9      | Found a staircase to the Orcish Mines.
  9415 | D:9      | 9415 ||| INVOKING Fiery Armour.
  9478 | D:9      | Reached skill level 9 in Shields
  9490 | D:9      | 9490 ||| DRINKING 3 potions of curing.
  9490 | D:9      | 9490 ||| (to cure confusion)
  9505 | D:9      | Found Ythekett's Armour Emporium.
  9505 | D:9      | Found Xustel's Magic Scroll Emporium.
  9511 | D:9      | Found Qiustyon's Antique Armour Emporium.
  9514 | D:9      | 9514 ||| BUYING +0 tower shield (67 gold).
  9514 | D:9      | Bought a +0 tower shield for 67 gold pieces
  9514 | D:9      | 9514 ||| BUYING +3 chain mail of cold resistance (397
                  | gold).
  9514 | D:9      | Bought a +3 chain mail of cold resistance for 397 gold
                  | pieces
  9514 | D:9      | 9514 ||| Stepping ~*~*~tactically~*~*~ (stealth).
  9515 | D:9      | 9515 ||| Stepping ~*~*~tactically~*~*~ (stealth).
  9515 | D:9      | Found Ludiboum's Antique Armour Emporium.
  9518 | D:9      | 9518 ||| SHOPLISTING runed helmet (240 gold, have 132).
  9521 | D:9      | 9521 ||| Stepping ~*~*~tactically~*~*~ (stealth).
  9528 | D:9      | Reached skill level 6 in Armour
  9531 | D:9      | 9531 ||| SHOPLISTING faintly humming cloak (323 gold, have
                  | 132).
  9535 | D:9      | 9535 ||| SHOPLISTING scroll of acquirement (676 gold, have
                  | 132).
  9535 | D:9      | 9535 ||| BUYING scroll of identify (26 gold).
  9535 | D:9      | Bought a scroll of identify for 26 gold pieces
  9535 | D:9      | 9535 ||| BUYING scroll of identify (26 gold).
  9535 | D:9      | Bought a scroll of identify for 26 gold pieces
  9535 | D:9      | 9535 ||| BUYING scroll of identify (26 gold).
  9535 | D:9      | Bought a scroll of identify for 26 gold pieces
  9535 | D:9      | 9535 ||| BUYING scroll of teleportation (39 gold).
  9535 | D:9      | Bought a scroll of teleportation for 39 gold pieces
  9566 | D:9      | 9566 ||| READING scroll of acquirement.
  9566 | D:9      | 9566 ||| ACQUIRING +1 pair of boots of Bedevilment {rElec
                  | rPois Will- Int+6}
  9566 | D:9      | Acquired the +1 pair of boots of Bedevilment {rElec rPois
                  | Will- Int+6}
  9567 | D:9      | 9567 ||| UPGRADING to +0 pair of gloves.
  9572 | D:9      | 9572 ||| UPGRADING to +0 tower shield.
  9600 | D:9      | 9600 ||| DROPPING +0 kite shield.
  9601 | D:9      | 9601 ||| UPGRADING to +3 chain mail of cold resistance.
  9627 | D:9      | 9627 ||| Stepping ~*~*~tactically~*~*~ (hiding).
  9628 | D:9      | 9628 ||| Stepping ~*~*~tactically~*~*~ (hiding).
  9992 | D:9      | Found a staircase to the Lair.
 10016 | D:9      | 10016 ||| PLANNING LAIR
 10016 | D:9      | 10016 ||| READING scroll labelled DIOPOTE LUKUEPS.
 10017 | D:9      | 10017 ||| DRINKING 2 fuming emerald potions.
 10018 | D:9      | 10018 ||| READING 5 scrolls of identify.
 10018 | D:9      | 10018 ||| IDENTIFYING red potion
 10019 | D:9      | 10019 ||| DROPPING potion of brilliance.
 10020 | D:9      | 10020 ||| DROPPING potion of invisibility.
 10032 | Lair:1   | Entered Level 1 of the Lair of Beasts
 10034 | Lair:1   | 10034 ||| Stepping ~*~*~tactically~*~*~ (stealth).
 10036 | Lair:1   | 10036 ||| Stepping ~*~*~tactically~*~*~ (stealth).
 10073 | Lair:1   | 10073 ||| Stepping ~*~*~tactically~*~*~ (stealth).
 10075 | Lair:1   | 10075 ||| INVOKING Fiery Armour.
 10089 | Lair:1   | Noticed a cane toad
 10093 | Lair:1   | Reached XP level 11. HP: 44/67 MP: 12/12
 10095 | Lair:1   | HP: 13/67 [yak (10)]
 10096 | Lair:1   | 10096 ||| READING 6 scrolls of teleportation.
 10097 | Lair:1   | 10097 ||| DRINKING 2 potions of heal wounds.
 10098 | Lair:1   | Reached skill level 10 in Shields
 10145 | Lair:1   | Identified the +6 war axe of the Eternal Void {spect, *Rage
                  | rC+ Str+3}
 10147 | Lair:1   | 10147 ||| DROPPING +6 war axe of the Eternal Void {spect,
                  | *Rage rC+ Str+3}.
 10226 | Lair:1   | 10226 ||| Stepping ~*~*~tactically~*~*~ (hiding).
 10238 | Lair:1   | Reached skill level 11 in Shields
 10292 | Lair:1   | 10292 ||| PLANNING TEMPLE
 10292 | Lair:1   | 10292 ||| DROPPING amulet of guardian spirit.
 10470 | Temple   | Entered the Ecumenical Temple
 10501 | Temple   | 10501 ||| PLANNING OKAWARU WORSHIP
 10640 | Temple   | Fell from the grace of Ignis
 10640 | Temple   | Became a worshipper of Warmaster Okawaru
 10641 | Temple   | 10641 ||| PLANNING LAIR
 10891 | Lair:1   | 10891 ||| Stepping ~*~*~tactically~*~*~ (stealth).
 10892 | Lair:1   | 10892 ||| Stepping ~*~*~tactically~*~*~ (stealth).
 11099 | Lair:1   | HP: 16/67 [fire elemental[the fiery vengeance of Ignis]
                  | (5)]
 11100 | Lair:1   | 11100 ||| READING 5 scrolls of teleportation.
 11100 | Lair:1   | Slain by a fire elemental

Levels and vault maps discovered:
D:1:      matt_arrival_grand_opening, layout_basic, serial_shops, shop,
          ebering_ecumenical_altar_petrified, minmay_pentomino_q4
D:2:      layout_rooms, uniq_sigmund
D:3:      minmay_razor_zed, layout_loops_cross, nicolae_gozag_zags_fifth_avenue,
          nrook_mini_vaults, grunt_ministairs_1, minmay_unequal
D:4:      minmay_goblin_kobold_castle, layout_basic,
          mainiacjoe_overflow_cross_hatched, minmay_mini_jars
D:5:      layout_loops_cross, gup_sewer_entry_glass, lightli_minifort,
          uniq_pikel
D:6:      layout_loops_ring, grunt_qazlal_clouds,
          chequers_temple_overflow_minitemple, minmay_temple_entry_tees,
          serial_rivers, chequers_serial_rivers_micro_c,
          chequers_serial_rivers_large_b, chequers_serial_rivers_micro_e,
          chequers_serial_rivers_micro_a, enter_ossuary_2, minivault_22
D:7:      layout_rooms, kennysheep_ying_yang, enter_bailey_1
D:8:      layout_loops_corners, hellmonk_ghost_big_iron, special_room
          [special_room_orc]
D:9:      layout_irregular_city, lemuel_round_altar, erik_orc_4,
          minmay_shop_grid_forest
Temple:   nicolae_temple_bog_church
Lair:1:   layout_chaotic_city, serial_bayou_shore_a

Skill      XL: |  1  2  3  4  5  6  7  8  9 10 11 |
---------------+----------------------------------+-----
Axes           | 3 5 6 7 9 10 | 10.0
Armour         | 1 5 6 |  6.0
Fighting       | 4 5 6 7 |  7.2
Throwing       | 1 2 |  2.0
Shields        | 3 8 9 11 | 11.6
Dodging        | 1 |  1.1
Spellcasting   | |  1.0
Fire Magic     | |  3.0

Action                     |  1- 3 |  4- 6 |  7- 9 | 10-12 || total
---------------------------+-------+-------+-------+-------++-------
  Melee: Hand axe          |   104 |   196 |   515 |       ||   815
         Punch             |       |     3 |       |       ||     3
         Broad axe         |       |       |   116 |   296 ||   412
  Throw: Boomerang         |    23 |    13 |    41 |    44 ||   121
         Javelin           |       |       |    15 |     2 ||    17
 Invoke: Fiery Armour      |       |     1 |     7 |     5 ||    13
    Use: Scroll            |     2 |     3 |     6 |    10 ||    21
         Potion            |     2 |     2 |     6 |     4 ||    14
   Stab: Invisible         |       |       |       |     2 ||     2
 Armour: Robe              |    20 |       |       |       ||    20
         Leather armour    |    15 |   107 |    56 |       ||   178
         Ring mail         |       |       |    48 |       ||    48
         Scale mail        |       |       |   170 |       ||   170
         Plate armour      |       |       |    26 |   124 ||   150
         Chain mail        |       |       |       |    89 ||    89
  Dodge: Dodged            |    67 |   107 |   230 |    99 ||   503
         Repelled          |       |       |     4 |     2 ||     6
  Block: Kite shield       |       |       |   172 |   147 ||   319
         Tower shield      |       |       |       |   166 ||   166

Table legend:
 A = Non-vault XP
 B = Vault XP
 C = Vault XP percentage of total XP
 D = Non-vault monster count
 E = Vault monster count
 F = Vault count percentage of total count
                 A         B        C        D         E       F
            +---------+---------+-------+---------+---------+-------
      Total |    9867 |    2230 |  18.4 |     189 |     175 |  48.1
            +---------+---------+-------+---------+---------+-------
        D:1 |      31 |       1 |   3.1 |      21 |       1 |   4.5
        D:2 |      52 |     226 |  81.3 |      10 |       1 |   9.1
        D:3 |     106 |      33 |  23.7 |      13 |      18 |  58.1
        D:4 |     197 |     903 |  82.1 |      19 |      59 |  75.6
        D:5 |     886 |     177 |  16.7 |      26 |      10 |  27.8
        D:6 |     809 |       0 |   0.0 |      21 |       0 |   0.0
        D:7 |     826 |       0 |   0.0 |      15 |       0 |   0.0
        D:8 |    1329 |     112 |   7.8 |      16 |      24 |  60.0
        D:9 |    2099 |     516 |  19.7 |      34 |      17 |  33.3
     Lair:1 |    3532 |       0 |   0.0 |      14 |       0 |   0.0
      Sewer |       0 |     262 | 100.0 |       0 |      45 | 100.0
            +---------+---------+-------+---------+---------+-------
